 Dungeon Crawl Stone Soup version 0.20-a0-656-g9b0dcd9 (webtiles) character file.

34583 Klosterheim the Basher (level 13, -3/72 HPs)
             Began as a Gargoyle Fighter on Feb 15, 2017.
             Was a High Priest of Okawaru.
             Slain by a blink frog (10 damage)
             ... on level 2 of the Lair of Beasts on Feb 16, 2017.
             The game lasted 00:36:44 (17426 turns).

Klosterheim the Basher (Gargoyle Fighter)          Turns: 17426, Time: 00:36:45

Health: -3/72      AC: 28    Str: 24    XL:     13   Next: 78%
Magic:  17/17      EV: 10    Int: 14    God:    Okawaru [*****.]
Gold:   1195       SH:  0    Dex:  9    Spells: 10/12 levels left

rFire    + . .     SeeInvis +   V - +9 lajatang (speed)
rCold    . . .     Gourm    +   A - +0 plate armour
rNeg     + . .     Faith    .   (shield currently unavailable)
rPois    ∞         Spirit   .   D - +0 helmet "Plog" {-Tele rF+ rCorr Int+4}
rElec    +         Reflect  .   (no cloak)
rCorr    +         Harm     .   (no gloves)
MR       .....     NoTele   +   (no boots)
Stlth    ..........             H - amulet of the gourmand
Regen    0.3/turn               (no ring)
MPRegen  0.2/turn               l - ring of see invisible

@: heroism
A: negative energy resistance 1, electricity resistance, unbreathing,
petrification resistance, rot immunity, AC +9
a: Heroism, Finesse, Renounce Religion


You were on level 2 of the Lair of Beasts.
You worshipped Okawaru.
Okawaru was extremely pleased with you.
You were completely stuffed.

You visited 3 branches of the dungeon, and saw 17 of its levels.
You also visited: Ossuary.

You collected 1429 gold pieces.
You spent 234 gold pieces at shops.

Inventory:

Hand Weapons
 F - the +11 morningstar "Deeqefya" {elec, rF+}
   (You bought it in a shop on level 8 of the Dungeon)

   Occasionally, upon striking a foe, it will discharge some electrical energy
   and cause terrible harm.
   It protects you from fire.
 S - a +1 eveningstar of venom
 V - a +9 lajatang of speed (weapon)
Armour
 A - a +0 plate armour (worn)
 D - the +0 helmet "Plog" (worn) {-Tele rF+ rCorr Int+4}
   (Okawaru gifted it to you on level 9 of the Dungeon)

   It affects your intelligence (+4).
   It protects you from fire.
   It prevents most forms of teleportation.
   It protects you from acid and corrosion.
 G - a +0 shield
Jewellery
 d - an uncursed ring of poison resistance {unknown}
 l - a ring of see invisible (left hand)
 t - a +3 ring of intelligence {unknown}
 y - an uncursed ring of poison resistance {unknown}
 H - an amulet of the gourmand (around neck)
Wands
 a - a wand of confusion (9/48)
 s - a wand of iceblast (11/15)
 J - a wand of enslavement (8/24)
 L - a wand of acid (4/15)
 T - a wand of iceblast (10/15)
Scrolls
 b - 5 scrolls of remove curse
 e - 2 scrolls of fear
 p - 4 scrolls of amnesia
 q - 9 scrolls of teleportation
 v - 3 scrolls of immolation
 x - a scroll of blinking
 z - a scroll of holy word {unknown}
 E - 2 scrolls of recharging
 I - a scroll of enchant armour
 K - a scroll of silence {unknown}
 M - 2 scrolls of magic mapping
 N - a scroll of vulnerability {unknown}
 O - a scroll of brand weapon {unknown}
 R - 7 scrolls of identify
 Y - 2 scrolls of fog {unknown}
Potions
 c - 8 potions of curing
 g - 2 potions of brilliance
 h - 2 potions of flight
 j - a potion of agility
 m - 3 potions of heal wounds
 n - 2 potions of resistance
 o - 4 potions of invisibility
 r - a potion of ambrosia
 C - 2 potions of haste
 P - 3 potions of berserk rage
 X - 4 potions of lignification {unknown}
 Z - 2 potions of magic {unknown}
Books
 u - a Young Poisoner's Handbook

   Spells                             Type                      Level
   a - Sting                          Conjuration/Poison           1
   b - Poisonous Vapours              Poison/Air                   2
   c - Mephitic Cloud                 Conjuration/Poison/Air       3
   d - Olgreb's Toxic Radiance        Poison                       4
   e - Venom Bolt                     Conjuration/Poison           5
 Q - a book of Flames

   Spells                             Type                      Level
   a - Flame Tongue                   Conjuration/Fire             1
   b - Throw Flame                    Conjuration/Fire             2
   c - Conjure Flame                  Conjuration/Fire             3
   d - Inner Flame                    Hexes/Fire                   3
   e - Sticky Flame                   Conjuration/Fire             4
   f - Fireball                       Conjuration/Fire             5
 U - a book of Spatial Translocations

   Spells                             Type                      Level
   a - Blink                          Translocation                2
   b - Shroud of Golubria             Charms/Translocation         2
   c - Lesser Beckoning               Translocation                3
   d - Portal Projectile              Translocation                3
   e - Teleport Other                 Translocation                3
   f - Passage of Golubria            Translocation                4
Comestibles
 f - 12 bread rations
 i - 10 meat rations
 k - 3 fruits
 w - 14 chunks of flesh
 B - 8 royal jellies


   Skills:
 - Level 5.2(10.2) Fighting
 - Level 14.6(20.2) Maces & Flails
 * Level 7.9(17.2) Staves
 - Level 12.2(17.2) Armour
 - Level 11.0(16.0) Shields
 + Level 5.9 Invocations


You had 10 spell levels left.
You knew the following spells:

 Your Spells              Type           Power        Failure   Level  Hunger
a - Blink                 Tloc           N/A          100%        2    ###....


Dungeon Overview and Level Annotations

Branches:
Dungeon (14/15)            Temple (1/1) D:6            Lair (2/6) D:9
  Snake (0/4) Lair:2          Orc (0/2) D:11         Vaults (0/5) D:13
  Swamp: Lair:2-4    Shoals: Lair:2-4

Altars:
Ashenzari
Dithmenos
Elyvilon
Fedhas
Gozag
Hepliaklqana
Okawaru
Sif Muna
Trog
Vehumet
Xom
Yredelemnul
Zin
Beogh

Shops:
D:8 (

Portals:
Trove: D:12 (give +7 demon trident)


Innate Abilities, Weirdness & Mutations

You are resistant to torment.
Your stone body is resilient. (AC +9)
You are immune to poison.
You resist negative energy. (rN+)
You are resistant to electric shocks. (rElec)
You can survive without breathing.
You are immune to petrification.
You are immune to rotting.


Message History

You kill the blink frog!
Okawaru accepts your kill. The blink frog barely misses you.
You slash the blink frog!
The blink frog is heavily wounded.
You miss the blink frog.
The blink frog is heavily wounded.
The blink frog hits you.
* * * LOW HITPOINT WARNING * * *
You slash the blink frog!
The blink frog is almost dead.
The blink frog blinks!
Things that are here:
a blink frog corpse; a blink frog skeleton You butcher the blink frog corpse.
w - 14 chunks of flesh (gained 3)
Things that are here:
a blink frog skeleton x2
The blink frog hits you!
You die...

#...+.............
+.........F......<
#.................
#+......†.F...........
#..##.................##
#..%.##.%#####.#P.......
.+.$. #.÷##..####.....#
#....
#..#†.....#.....#...
##..
#..@............##.. #.#
#.F##....##......#.. #.
#.....##..#........#..
.......###.###P.....##..
.....
###..................#..
........
....................#..
........
..............[.†.....8.
........
........................
...........>
................##.


You could see a blink frog.

Vanquished Creatures
  An ice dragon (shapeshifter) (D:13)
  Erolcha (D:11)
  A hydra (D:13)
  Harold (D:11)
  The ghost of Nico3ck the Cleaver, a journeyman KoBe of Trog (Lair:2)
  A rakshasa (D:12)
  A centaur warrior (D:13)
  A catoblepas (D:13)
  4 two-headed ogres
  2 dancing weapons (D:13)
  An obsidian statue (D:12)
  3 ugly things
  A phantasmal warrior (D:14)
  The ghost of Voxish the Chiller, a novice MfIE of Ashenzari (D:7)
  3 manticores
  A cyclops (D:11)
  A deep elf mage (D:12)
  Joseph (D:8)
  A black mamba (Lair:2)
  A gargoyle (D:9)
  Psyche (D:8)
  3 spiny frogs
  A kobold demonologist (D:11)
  A rime drake (Lair:2)
  2 komodo dragons
  A tengu conjurer (D:13)
  A guardian mummy (D:12)
  2 trolls
  Grinder (D:6)
  9 blink frogs (Lair:2)
  A basilisk (Lair:2)
  3 wraiths
  3 wyverns (D:8)
  Eustachio (D:6)
  3 hogs (D:7)
  A human (D:7)
  A steam dragon (D:11)
  11 yaks
  11 vampire mosquitoes
  Grum (D:8)
  5 water moccasins
  5 porcupines
  2 sky beasts
  3 orc warriors
  11 ice beasts
  16 ogres
  8 phantoms
  2 wolves (D:8)
  7 centaurs
  5 crocodiles
  A big kobold (D:8)
  4 elf zombies (Ossuary)
  8 bullfrogs
  A wyvern zombie (D:12)
  4 scorpions
  22 killer bees
  5 wights (D:10)
  5 howler monkeys
  2 crimson imps
  2 bullfrog zombies
  2 quasits
  10 hounds
  2 jellies
  4 bullfrog skeletons
  3 centaur skeletons
  A gnoll shaman (D:6)
  4 orc priests
  11 orc wizards
  5 iguanas
  2 hell rats (Lair:2)
  6 worker ants
  A big kobold zombie (Ossuary)
  3 mummies (Ossuary)
  A howler monkey skeleton (D:7)
  11 adders
  3 gnolls (D:6)
  3 river rats (Lair:2)
  8 shadow imps
  A white imp (D:12)
  3 oozes
  An adder skeleton (D:6)
  A dart slug (D:3)
  4 worms
  4 leopard geckos
  51 orcs
  4 ball pythons
  5 giant cockroaches
  11 goblins
  10 hobgoblins
  17 jackals
  2 quokkas
  6 bats
  5 frilled lizards
  4 goblin zombies (Ossuary)
  5 hobgoblin zombies (Ossuary)
  A jackal skeleton (D:4)
  4 jackal zombies (Ossuary)
  17 kobolds
  7 kobold zombies (Ossuary)
  An orc zombie (Ossuary)
  A quokka skeleton (D:4)
  3 quokka zombies (Ossuary)
  14 rats
  5 rat zombies (Ossuary)
  A plant (D:9)
472 creatures vanquished.

Vanquished Creatures (others)
  A bullfrog (D:8)
  2 orc wizards (D:8)
  2 plants
5 creatures vanquished.

Grand Total: 477 creatures vanquished

Notes
Turn   | Place    | Note
-------+----------+-------------------------------------------
     0 | D:1      | Klosterheim the Gargoyle Fighter began the quest for the Orb.
     0 | D:1      | Reached XP level 1. HP: 14/14 MP: 1/1
   392 | D:1      | Reached XP level 2. HP: 19/19 MP: 2/2
   485 | D:1      | Reached skill level 3 in Maces & Flails
  1045 | D:2      | Reached XP level 3. HP: 23/23 MP: 3/3
  1129 | D:2      | Reached skill level 4 in Maces & Flails
  1215 | D:2      | Reached XP level 4. HP: 25/28 MP: 4/4
  1819 | D:3      | Reached skill level 5 in Maces & Flails
  1819 | D:3      | Reached XP level 5. HP: 19/32 MP: 5/5
  2106 | D:3      | Found a bloodstained altar of Trog.
  2697 | D:3      | Upgraded the game from 0.20-a0-647-gf178af5 to 0.20-a0-656-g9b0dcd9
  2931 | D:4      | Reached skill level 6 in Maces & Flails
  2931 | D:4      | Reached XP level 6. HP: 28/37 MP: 6/6
  3233 | D:4      | Noticed a phantom
  3271 | D:4      | Killed a phantom
  3602 | D:4      | Reached skill level 7 in Maces & Flails
  3830 | D:4      | Reached XP level 7. HP: 37/41 MP: 7/7
  3934 | D:5      | Entered Level 5 of the Dungeon
  4170 | D:5      | Reached skill level 8 in Maces & Flails
  4662 | D:5      | Reached skill level 9 in Maces & Flails
  4662 | D:5      | Reached XP level 8. HP: 23/46 MP: 8/8
  5422 | D:6      | Noticed Grinder
  5433 | D:6      | Killed Grinder
  5433 | D:6      | Reached skill level 10 in Maces & Flails
  5475 | D:6      | Noticed Eustachio
  5491 | D:6      | Killed Eustachio
  5800 | D:6      | Reached skill level 11 in Maces & Flails
  5845 | D:6      | Reached XP level 9. HP: 44/51 MP: 9/9
  5956 | D:6      | Found a staircase to the Ecumenical Temple.
  5964 | Temple   | Entered the Ecumenical Temple
  5976 | Temple   | Became a worshipper of Warmaster Okawaru
  6016 | D:6      | Found an opulent altar of Gozag.
  6502 | D:6      | Reached skill level 12 in Maces & Flails
  6591 | D:7      | Found a sand-covered staircase.
  6660 | Ossuary  | Entered an ossuary
  7063 | D:7      | Noticed Voxish's ghost (novice MfIE)
  7207 | D:6      | Reached * piety under Okawaru
  7308 | D:6      | Noticed a two-headed ogre
  7315 | D:6      | Killed a two-headed ogre
  7315 | D:6      | Reached skill level 13 in Maces & Flails
  7315 | D:6      | Reached XP level 10. HP: 33/56 MP: 7/10
  7454 | D:7      | Killed Voxish's ghost
  7454 | D:7      | Reached ** piety under Okawaru
  7720 | D:7      | Found a blossoming altar of Fedhas.
  7721 | D:7      | Found a bloodstained altar of Trog.
  7721 | D:7      | Found a glowing silver altar of Zin.
  7721 | D:7      | Found a shimmering altar of Xom.
  7722 | D:7      | Found a shattered altar of Ashenzari.
  7722 | D:7      | Found a shadowy altar of Dithmenos.
  7722 | D:7      | Found a hazy altar of Hepliaklqana.
  7722 | D:7      | Found a white marble altar of Elyvilon.
  7822 | D:7      | Reached skill level 14 in Maces & Flails
  7940 | D:7      | Reached *** piety under Okawaru
  8835 | D:8      | Found a shimmering altar of Xom.
  9019 | D:8      | Noticed Psyche
  9037 | D:8      | Killed Psyche
  9037 | D:8      | Reached skill level 5 in Armour
  9221 | D:8      | Noticed Grum
  9232 | D:8      | Killed Grum
  9232 | D:8      | Reached **** piety under Okawaru
  9347 | D:8      | Reached skill level 5 in Fighting
  9358 | D:8      | Reached XP level 11. HP: 55/63 MP: 11/11
  9568 | D:8      | Found Hiolloal's Antique Weapon Shop.
  9575 | D:8      | Bought a slimy morningstar for 234 gold pieces
  9575 | D:8      | Identified the +11 morningstar "Deeqefya" {elec, rF+} (You bought it in a shop on level 8 of the Dungeon)
 10368 | D:8      | Noticed Joseph
 10379 | D:8      | Killed Joseph
 10385 | D:8      | Noticed a two-headed ogre
 10392 | D:8      | Killed a two-headed ogre
 10392 | D:8      | Reached skill level 5 in Shields
 10822 | D:9      | Reached ***** piety under Okawaru
 11031 | D:9      | Received a gift from Okawaru
 11035 | D:9      | Found a radiant altar of Vehumet.
 11039 | D:9      | Got a spiked helmet {god gift}
 11045 | D:9      | Identified the +0 helmet "Plog" {-Tele rF+ rCorr Int+4} (Okawaru gifted it to you on level 9 of the Dungeon)
 11262 | D:9      | Found a staircase to the Lair.
 11526 | D:10     | Entered Level 10 of the Dungeon
 12113 | D:11     | Found a staircase to the Orcish Mines.
 12170 | D:11     | Noticed Erolcha
 12178 | D:11     | Killed Erolcha
 12192 | D:11     | Noticed a cyclops
 12203 | D:11     | Killed a cyclops
 12287 | D:11     | Reached XP level 12. HP: 66/68 MP: 12/12
 12379 | D:11     | Noticed Harold
 12391 | D:11     | Killed Harold
 12391 | D:11     | Reached skill level 10 in Armour
 12655 | D:11     | Found a roughly hewn altar of Beogh.
 13040 | D:12     | Noticed a rakshasa
 13221 | D:12     | Found a portal to a secret trove of treasure.
 13542 | D:12     | Received a gift from Okawaru
 13571 | D:12     | Noticed a two-headed ogre
 13576 | D:12     | Killed a two-headed ogre
 13721 | D:12     | Reached skill level 10 in Shields
 14032 | D:12     | Noticed a rakshasa
 14039 | D:12     | Killed a rakshasa
 14367 | D:13     | Received a gift from Okawaru
 14373 | D:13     | Noticed a six-headed hydra
 14379 | D:13     | Noticed an ice dragon
 14379 | D:13     | a redback changed into an ice dragon
 14394 | D:13     | Killed an ice dragon
 14400 | D:13     | Killed a six-headed hydra
 14400 | D:13     | Received a gift from Okawaru
 14596 | D:13     | Reached skill level 1 in Staves
 14596 | D:13     | Reached XP level 13. HP: 56/72 MP: 13/13
 14617 | D:13     | Reached skill level 1 in Invocations
 15285 | D:13     | Found a gate to the Vaults.
 15300 | D:13     | Reached skill level 5 in Staves
 15520 | D:13     | Learned a level 2 spell: Blink
 15987 | Lair:1   | Entered Level 1 of the Lair of Beasts
 16147 | Lair:1   | Received a gift from Okawaru
 16152 | Lair:1   | Got a pair of smoking boots {god gift}
 16158 | Lair:1   | Identified the -4 pair of boots "Sulimoas" {MR- Regen+ Int+3 Slay+3} (Okawaru gifted it to you on level 1 of the Lair of Beasts)
 16999 | Lair:2   | Reached skill level 5 in Invocations
 17063 | Lair:2   | Found a staircase to the Snake Pit.
 17204 | Lair:2   | Noticed Nico3ck's ghost (journeyman KoBe)
 17219 | Lair:2   | Killed Nico3ck's ghost
 17426 | Lair:2   | Slain by a blink frog

Vault maps used:
D:1:      minmay_arrival_jagged
D:3:      trog_hazing_becter
D:4:      first_bread
D:6:      minmay_temple_entry_butterflies, grunt_gozag_statues, uniq_grinder,
          uniq_eustachio
D:7:      grunt_temple_overflow_open, enter_ossuary_3, grunt_livestock
D:8:      serial_shops, shop, xom_confusion_cloud, uniq_grum, uniq_psyche,
          uniq_joseph
D:9:      lemuel_ogre_cave, marbit_many_paths, david_lair_shrubbed,
          grunt_tough_drop
D:11:     minmay_orc_entry_temple_small, serial_column_ruins,
          column_ruins_columns_straight, column_ruins_columns_straight,
          column_ruins_grid_1, column_ruins_grid_1,
          column_ruins_open_small_water, column_ruins_columns_straight,
          uniq_harold, uniq_erolcha
D:12:     nicolae_trove_entry_path_of_doom, roderic_malta_cross,
          hangedman_devilish_allure
D:13:     erik_vaults_1, portal_ice_cave_entry_ice_beasts
D:14:     minmay_holes, hangedman_decor_push, kennysheep_nondescript,
          grunt_qazlal_clouds
Temple:   hc_temple_tempest_star
Lair:2:   dummy_snake_entry, basic_altar, fungi_pond_lemuel,
          kennysheep_abandoned_house, serial_bayou_shore_b, grunt_megastairs_3
Ossuary:  minmay_ossuary_two_tombs

Skill      XL: |  1  2  3  4  5  6  7  8  9 10 11 12 13 |
---------------+----------------------------------------+-----
Maces & Flails | 3 4 5 6 7 9 11 13 14 | 14.6
Armour         | 6 9 12 | 12.2
Fighting       | 5 |  5.2
Shields        | 7 11 | 11.0
Staves         | 1 7 |  7.9
Invocations    | 5 |  5.9

Action                   |  1- 3 |  4- 6 |  7- 9 | 10-12 | 13-15 || total
-------------------------+-------+-------+-------+-------+-------++-------
Melee: Flail             |   156 |    96 |       |       |       ||   252
       Morningstar       |       |   191 |    31 |   393 |       ||   615
       Great mace        |       |       |   439 |   209 |       ||   648
       Lajatang          |       |       |       |    13 |   358 ||   371
Invok: Heroism           |       |       |     1 |    12 |     4 ||    17
       Finesse           |       |       |       |     1 |     2 ||     3
  Use: Scroll            |       |     7 |     5 |    13 |     4 ||    29
       Potion            |       |       |     7 |     1 |       ||     8
 Stab: Invisible         |       |       |     4 |       |       ||     4
  Eat: Chunk             |     1 |     9 |    10 |    33 |    11 ||    64
       Royal jelly       |       |       |     1 |       |       ||     1
Armor: Scale mail        |    54 |       |       |       |       ||    54
       Chain mail        |    75 |   248 |   368 |       |       ||   691
       Plate armour      |       |       |     2 |   402 |   193 ||   597
Dodge: Dodged            |    76 |   156 |   209 |   172 |    81 ||   694
Block: Shield            |       |       |       |   250 |       ||   250
